 Dungeon Crawl Stone Soup version 0.23.1 (webtiles) character file.

Game seed: 6788342407878161491

208 Irenicus the Digger (level 5, 0/42 HPs)
             Began as a Deep Dwarf Earth Elementalist on Mar 8, 2019.
             Slain by a worm (13 damage)
             ... on level 3 of the Dungeon.
             The game lasted 00:11:40 (2059 turns).

Irenicus the Digger (Deep Dwarf Earth Elementalist) Turns: 2059, Time: 00:11:41

Health: 0/42       AC:  4    Str: 12    XL:     5   Next: 55%
Magic:  1/8        EV: 12    Int: 16    God:
Gold:   140        SH:  0    Dex: 13    Spells: 7/10 levels left

rFire    + . .     SeeInvis .   f - +0 club
rCold    . . .     Gourm    .   (no shield)
rNeg     . . .     Faith    .   p - +0 leather armour
rPois    .         Spirit   .   (no helmet)
rElec    .         Reflect  .   o - scarf {repulsion}
rCorr    .         Harm     .   i - +0 pair of gloves
MR       .....                  (no boots)
Stlth    ++........             (no amulet)
HPRegen  0.00/turn              j - ring of protection from fire {rF+, !d}
MPRegen  0.11/turn              (no ring)

@: non-regenerating, repel missiles
A: damage resistance, heal wounds, sense surroundings 1, no regeneration
a: Heal Wounds


You were on level 3 of the Dungeon.
You were hungry.

You visited 1 branch of the dungeon, and saw 3 of its levels.

You collected 140 gold pieces.

Inventory:

Hand Weapons
 f - a +0 club (weapon)
   (You took it off a goblin on level 1 of the Dungeon)
Armour
 i - a +0 pair of gloves (worn)
   (You found it on level 1 of the Dungeon)
 o - a scarf of repulsion (worn)
   (You found it on level 3 of the Dungeon)
 p - a +0 leather armour (worn)
   (You took it off an orc on level 3 of the Dungeon)
Jewellery
 j - a ring of protection from fire (left hand) {rF+, !d}
   (You found it on level 1 of the Dungeon)
Scrolls
 a - 7 scrolls of identify {unknown}
 g - a scroll of immolation {unknown}
 k - 3 scrolls of remove curse {unknown}
 l - a scroll of fog {unknown}
 m - a scroll of random uselessness {unknown}
 q - a scroll of amnesia {unknown}
Potions
 e - 2 potions of curing
 h - a potion of haste
 n - a potion of might
Comestibles
 d - 6 rations


   Skills:
 - Level 2.2 Dodging
 - Level 2.5 Stealth
 - Level 3.0 Spellcasting
 - Level 0.8 Transmutations
 + Level 7.3 Earth Magic


You had 7 spell levels left.
You knew the following spells:

 Your Spells              Type           Power        Failure   Level  Hunger
a - Sandblast             Erth           ####..       1%          1    #......
w - Passwall              Tmut/Erth      ###.....     7%          2    ##.....

Your spell library contained the following spells:

 Spells                   Type           Power        Failure   Level  Hunger
 Stone Arrow              Conj/Erth      ##....       16%         3    ###....
 Lee's Rapid Deconstruct  Erth           ####......   32%         5    ######.
 Petrify                  Tmut/Erth      ###.....     41%         4    #####..


Dungeon Overview and Level Annotations

Branches:
Dungeon (3/15)

Altars:
Ashenzari
Elyvilon
Sif Muna
Trog
Yredelemnul


Innate Abilities, Weirdness & Mutations

You are resistant to damage.
You can heal yourself by infusing magical energy.
You passively map a small area around you.
You do not regenerate.


Message History

You now have 5/8 mp.
You see here a bat corpse.
You see here a +0 dagger.
a - 7 scrolls labeled GIS BEOTEM (gained 3)
You see here a +0 dagger.
You see here a bat corpse.
MP restored: 8 You see here a rapier.
You see here 9 sling bullets.
All of the chunks of flesh in your inventory have rotted away.
You are feeling hungry.
A rock wall.
You begin to meditate on the wall.
You continue meditating on the rock. x2
You finish merging with the rock.
You now have 6/8 mp.
MP restored: 8 You see here 13 arrows.
Found a stone staircase leading down.
A goblin comes into view.
The goblin shouts!
Aim: a goblin The blast of sand hits the goblin!
You kill the goblin!
b - 10 stones You now have 7/8 mp.
A worm comes into view.
You completely miss the worm. The worm bites you but does no damage.
Aim: a worm The blast of sand hits the worm!!
You kill the worm!
b - 9 stones You now have 6/8 mp.
You can't see any susceptible monsters within range! (Use Z to cast anyway.) Unknown command.
You see here a worm corpse.
A bat comes into view.
You see here a war axe.
You can't see any susceptible monsters within range! (Use Z to cast anyway.) Unknown command.
Aim: a bat (resting)
The blast of sand hits the bat!
You kill the bat!
b - 8 stones You now have 6/8 mp.
MP restored: 8 A rock wall.
You begin to meditate on the wall.
You continue meditating on the rock. x2
You finish merging with the rock.
Found a rapier and a club.
Found a bloodstained altar of Trog. 3 rats and 2 worms come into view.
You now have 6/8 mp.
The moth of wrath's fur bristles in rage as it notices you.
Aim: a worm The blast of sand hits the worm!
b - 7 stones The moth of wrath goads the worm on!
The worm goes berserk!
You now have 5/8 mp.
Aim: a worm (severely wounded, berserk, fast, unusually strong)
The blast of sand hits the worm!!
You kill the worm!
b - 6 stones You now have 4/8 mp.
Aim: a rat The blast of sand hits the rat!
You kill the rat!
b - 5 stones You now have 3/8 mp.
Aim: a rat The blast of sand hits the rat!!
You kill the rat!
b - 4 stones The moth of wrath goads the rat on!
The rat goes berserk!
Aim: a rat (berserk, fast, unusually strong)
The blast of sand hits the rat!
You kill the rat!
b - 3 stones You now have 2/8 mp.
Aim: a worm The blast of sand hits the worm!
b - 2 stones The moth of wrath goads the worm on!
The worm goes berserk!
You now have 1/8 mp.
Aim: a worm (severely wounded, berserk, fast, unusually strong)
The blast of sand misses the worm.
b - a stone You now have 0/8 mp.
You don't have enough magic to cast that spell.
Unknown command.
Aim: a worm (heavily wounded, berserk, fast, unusually strong)
The blast of sand hits the worm!
You now have no stones remaining.
You now have 0/8 mp.
The worm barely misses you.
You see here a club.
Aim: a worm (heavily wounded, berserk, fast, unusually strong)
You don't have any stones to cast with.
You hit the worm but do no damage. The worm barely misses you.
Aim: a worm (heavily wounded, berserk, fast, unusually strong)
You don't have any stones to cast with.
The worm bites you!
You die...

..# #.# #...#
#.# #.# ###.# ,
#.# #.# #.# #.#
#.# ###### ,
#.# #.###....##
, #.#
###.......## *
#.#
#.).......#*
#.#
##....#....#*,#
..#
#@..†###...##.#
###
#.w_.#y#......#
#.)..###...####
##....#....#
#.).......#
##)......##
###....##
######


You could see a moth of wrath and a worm (berserk).

Vanquished Creatures
  A scorpion (D:2)
  An orc wizard (D:3)
  Jessica (D:3)
  3 adders
  3 worms
  A dart slug (D:1)
  A leopard gecko (D:3)
  4 orcs (D:3)
  2 giant cockroaches
  9 goblins
  5 hobgoblins
  6 jackals (D:3)
  4 quokkas
  4 bats
  5 frilled lizards
  3 kobolds
  11 rats
64 creatures vanquished.

Notes
Turn   | Place    | Note
-------+----------+-------------------------------------------
     0 | D:1      | Irenicus the Deep Dwarf Earth Elementalist began the quest
                  | for the Orb.
     0 | D:1      | Reached XP level 1. HP: 15/15 MP: 3/3
   428 | D:1      | Reached skill level 2 in Spellcasting
   558 | D:1      | Reached XP level 2. HP: 22/22 MP: 1/5
   567 | D:1      | Learned a level 2 spell: Passwall
   823 | D:2      | Found a shattered altar of Ashenzari.
   831 | D:2      | Noticed a scorpion
   907 | D:2      | Reached XP level 3. HP: 17/28 MP: 0/6
   995 | D:2      | Found a white marble altar of Elyvilon.
  1049 | D:2      | Found a basalt altar of Yredelemnul.
  1135 | D:2      | Reached skill level 5 in Earth Magic
  1162 | D:2      | Found a deep blue altar of Sif Muna.
  1240 | D:2      | HP: 4/28 [scorpion (7)]
  1252 | D:2      | HP: 7/28 [scorpion (3)]
  1255 | D:2      | Killed a scorpion
  1255 | D:2      | Reached skill level 3 in Spellcasting
  1255 | D:2      | Reached XP level 4. HP: 10/36 MP: 0/8
  1351 | D:2      | HP: 8/36 [adder (2)]
  1450 | D:3      | Reached skill level 6 in Earth Magic
  1528 | D:3      | Noticed Jessica
  1532 | D:3      | HP: 4/36 [Jessica/nerve-wracking pain (4)]
  1533 | D:3      | Killed Jessica
  1533 | D:3      | Reached XP level 5. HP: 4/42 MP: 5/9
  1635 | D:3      | Found a faded altar of an unknown god.
  1734 | D:3      | Reached skill level 7 in Earth Magic
  2034 | D:3      | Found a bloodstained altar of Trog.
  2034 | D:3      | Noticed a moth of wrath
  2059 | D:3      | Slain by a worm

Skill      XL: |  1  2  3  4  5 |
---------------+----------------+-----
Spellcasting   | 2 3 |  3.0
Earth Magic    | 5 6 7 |  7.3
Dodging        | |  2.2
Stealth        | |  2.5
Transmutations | |  0.8

Action                   |  1- 3 |  4- 6 || total
-------------------------+-------+-------++-------
Melee: Club              |    34 |    16 ||    50
 Cast: Sandblast         |    37 |    43 ||    80
       Passwall          |     4 |    10 ||    14
 Abil: Heal Wounds       |       |     1 ||     1
  Use: Potion            |     3 |     2 ||     5
 Stab: Sleeping          |     3 |       ||     3
  Eat: Chunk             |     1 |     3 ||     4
Armor: Robe              |    19 |     2 ||    21
       Leather armour    |       |     2 ||     2
Dodge: Dodged            |    53 |    14 ||    67
       Deflected         |       |     2 ||     2

Levels and vault maps discovered:
D:1:      evilmike_arrival_hilbert_curve, layout_basic,
          minmay_stone_trees_medium, item_on_display_a
D:2:      layout_loops_ring, kennysheep_ying_yang, nicolae_ashenzari_panopticon,
          lemuel_blue_sif_altar
D:3:      layout_basic, chequers_ecumenical_altar_grove, first_ration, tgw_trog,
          uniq_jessica

Table legend:
 A = Turns spent in this place as a percentage of turns spent in the entire game.
 B = Non-inter-level travel turns spent in this place as a percentage of non-inter-level travel turns spent in the entire game.
 C = Inter-level travel turns spent in this place as a percentage of turns spent in this place.
 D = Turns resting spent in this place as a percentage of non-inter-level travel turns spent in this place.
 E = Turns spent auto-exploring this place as a percentage of non-inter-level travel turns spent in this place.
 F = Non-inter-level travel turns spent in this place divided by the number of levels of this place that you've seen.
                   A       B       C       D       E      F
               +-------+-------+-------+-------+-------+----------------------
         Total | 100.0 | 100.0 |   0.0 |   0.0 |   0.0 | 686.3
       Dungeon | 100.0 | 100.0 |   0.0 |   0.0 |   0.0 | 686.3
               +-------+-------+-------+-------+-------+----------------------

Table legend:
 A = Kills in this place as a percentage of kills in entire the game.
 B = Kills by you in this place as a percentage of kills by you in the entire game.
 C = Kills by friends in this place as a percentage of kills by friends in the entire game.
 D = Other kills in this place as a percentage of other kills in the entire game.
 E = Experience gained in this place as a percentage of experience gained in the entire game.
 F = Experience gained in this place divided by the number of levels of this place that you have seen.
                   A       B       C       D       E      F
               +-------+-------+-------+-------+-------+----------------------
         Total | 100.0 | 100.0 |   N/A |   N/A | 100.0 |  99.3
       Dungeon | 100.0 | 100.0 |   N/A |   N/A | 100.0 |  99.3
               +-------+-------+-------+-------+-------+----------------------
